 Dungeon Crawl Stone Soup version 0.21-a0-584-g185da8e (webtiles) character file.

36 TheGoonsmith the Skirmisher (level 3, 0/24 HPs)
             Began as a Kobold Berserker on Dec 20, 2017.
             Was a Follower of Trog.
             Slain by an adder (2 damage)
             ... on level 2 of the Dungeon.
             The game lasted 00:02:14 (2066 turns).

TheGoonsmith the Skirmisher (Kobold Berserker)      Turns: 2066, Time: 00:02:14

Health: 0/24       AC:  2    Str: 19    XL:     3   Next: 57%
Magic:  3/3        EV: 15    Int:  8    God:    Trog [*.....]
Gold:   49         SH:  0    Dex: 15    Spells: 2/2 levels left

rFire    . . .     SeeInvis .   a - +0 mace
rCold    . . .     Gourm    .   (shield restricted)
rNeg     . . .     Faith    .   b - +0 animal skin
rPois    .         Spirit   .   (no helmet)
rElec    .         Reflect  .   (no cloak)
rCorr    .         Harm     .   (no gloves)
MR       .....                  (no boots)
Stlth    +.........             (no amulet)
HPRegen  0.08/turn              (no ring)
MPRegen  0.08/turn              (no ring)

@: mighty, lethally poisoned (0 -> -3), berserk cooldown, slowed, very slow
A: small, carnivore
a: Berserk, Burn Spellbooks, Renounce Religion


You were on level 2 of the Dungeon.
You worshipped Trog.
Trog was aware of your devotion.
You were not hungry.

You visited 1 branch of the dungeon, and saw 2 of its levels.

You collected 49 gold pieces.

Inventory:

Hand Weapons
 a - a +0 mace (weapon)
Armour
 b - a +0 animal skin (worn)
Jewellery
 i - a +6 ring of evasion {unknown}
Scrolls
 d - a scroll of identify {unknown}
 e - a scroll of teleportation {unknown}
 f - a scroll of remove curse {unknown}
 g - a scroll of noise {unknown}
 h - a scroll of blinking {unknown}
 j - a scroll of enchant weapon {unknown}
 l - a scroll of enchant armour {unknown}
Potions
 k - a potion of might
Comestibles
 c - 3 rations


   Skills:
 + Level 3.8 Fighting
 * Level 3.5 Maces & Flails
 - Level 1.5 Armour
 - Level 2.4 Dodging


You had 2 spell levels left.
You didn't know any spells.

Dungeon Overview and Level Annotations

Branches:
Dungeon (2/15)

Altars:


Innate Abilities, Weirdness & Mutations

You are small and have problems with some larger weapons.
You are carnivorous and can eat meat at any time.


Message History

You can move again.
Unknown command.
Unknown command.
You are too injured to fight recklessly!
You're still recovering from your berserk rage.
It was a potion of might.
You feel very mighty all of a sudden.
You feel sick. The adder bites you.
* * * LOW HITPOINT WARNING * * *
The adder misses you.
You sock the adder!
The adder is almost dead.
The adder bites you.
* * * LOW HITPOINT WARNING * * *
The adder barely misses you.
You barely miss the adder.
The adder is almost dead.
* * * LOW HITPOINT WARNING * * *
You feel sick. The adder bites you.
You die...

#.#.....#...#
##..........<###
.........#.....
####.....#...#
...#.....##.S######
##.#####†.......... #
#.........##### #
#.#######.#######.###
#..#%.S@†.....#
#.#.#####...... #.##
#.#.# # # # #


You could see an adder.

Vanquished Creatures
  An adder (D:2)
  A dart slug (D:1)
  2 leopard geckos
  A giant cockroach (D:1)
  3 goblins (D:1)
  3 hobgoblins (D:1)
  4 kobolds
  2 bats (D:1)
  2 frilled lizards (D:1)
  5 rats
24 creatures vanquished.

Notes
Turn   | Place    | Note
-------+----------+-------------------------------------------
     0 | D:1      | TheGoonsmith the Kobold Berserker began the quest for the Orb.
     0 | D:1      | Reached XP level 1. HP: 14/14 MP: 1/1
   604 | D:1      | Reached XP level 2. HP: 17/19 MP: 2/2
  1320 | D:1      | Reached XP level 3. HP: 20/24 MP: 3/3
  2066 | D:2      | Slain by an adder

Vault maps used:
D:1:      dpeg_arrival_castle, minivault_5

Skill      XL: |  1 |
---------------+----+-----
Maces & Flails | 3 |  3.5
Fighting       | |  3.8
Armour         | |  1.5
Dodging        | |  2.4

Action                   || total
-------------------------++-------
Melee: Mace              ||   108
Invok: Berserk           ||     2
  Use: Potion            ||     1
  Eat: Chunk             ||     6
Armor: Animal skin       ||    10
Dodge: Dodged            ||    78

Table legend:
 A = Spawn XP
 B = Non-spawn XP
 C = Spawn XP percentage of total XP
 D = Spawn monster count
 E = Non-spawn monster count
 F = Spawn count percentage of total count
 G = Total turns spent on level
                    A         B        C        D         E        F      G
               +---------+---------+-------+---------+---------+-------+---------
         Total |       0 |      52 |   0.0 |       0 |      24 |   0.0 |  2066
               +---------+---------+-------+---------+---------+-------+---------
           D:1 |       0 |      30 |   0.0 |       0 |      17 |   0.0 |  1749
           D:2 |       0 |      22 |   0.0 |       0 |       7 |   0.0 |   317
               +---------+---------+-------+---------+---------+-------+---------
